 Dungeon Crawl Stone Soup version 0.22.1-1-ga44c0e56f4 (webtiles) character file.

115119 Peloso the Fencer (level 16, -1/149 HPs)
             Began as a Minotaur Fighter on Oct 24, 2018.
             Was the Champion of Okawaru.
             Killed from afar by a fire dragon (20 damage)
             ... with a blast of flame
             ... on level 15 of the Dungeon.
             The game lasted 01:19:19 (29322 turns).

Peloso the Fencer (Minotaur Fighter)               Turns: 29322, Time: 01:19:19

Health: -1/149     AC: 28    Str: 28    XL:     16   Next: 17%
Magic:  11/15      EV: 11    Int:  5    God:    Okawaru [******]
Gold:   1531       SH: 19    Dex: 24    Spells: 15/15 levels left

rFire    . . .     SeeInvis .   a - +6 double sword "Jibomah" {slice, *Contam +Blink rPois Dex+8}
rCold    + + .     Gourm    .   S - +0 shield {reflect}
rNeg     . . .     Faith    .   U - +2 plate armour {rPois}
rPois    +         Spirit   .   g - +1 hat {MR+}
rElec    .         Reflect  +   F - +2 cloak of Inference {rC+ Dex+3}
rCorr    .         Harm     .   G - +1 pair of gloves
MR       ++...                  d - +0 pair of boots {Fly}
Stlth    ..........             w - +2 amulet of reflection
HPRegen  0.34/turn              E - +3 ring of strength
MPRegen  0.14/turn              m - ring of protection from cold

@: flying
A: retaliatory headbutt, horns 2
a: Heroism, Finesse, Renounce Religion, Evoke Blink, Stop Flying


You were on level 15 of the Dungeon.
You worshipped Okawaru.
Okawaru was exalted by your worship.
You were near starving.

You visited 4 branches of the dungeon, and saw 24 of its levels.
You also visited: Ice Cave and Volcano.

You collected 2547 gold pieces.
You spent 1016 gold pieces at shops.

Inventory:

Hand Weapons
 a - the +6 double sword "Jibomah" (weapon) {slice, *Contam +Blink rPois Dex+8}
   (Okawaru gifted it to you on level 1 of the Lair of Beasts)

   It inflicts extra damage upon your enemies.
   It affects your dexterity (+8).
   It protects you from poison.
   It lets you blink.
   It causes magical contamination when unequipped.
 y - the +9 long sword of Linearity {distort, Int+4, unknown}
   (Okawaru gifted it to you on level 1 of the Orcish Mines)

   It warps and distorts space around it.
   Unwielding it can cause banishment or high damage.
   It affects your intelligence (+4).
 I - a +2 long sword of holy wrath
Armour
 d - a +0 pair of boots of flying (worn)
 g - a +1 hat of magic resistance (worn)
 B - the +1 cloak of Starlight {rElec rC+ EV+4 Stlth--}
   (You found it on level 11 of the Dungeon)

   It affects your evasion (+4).
   It protects you from cold.
   It insulates you from electricity.
   It makes you much less stealthy.
 F - the +2 cloak of Inference (worn) {rC+ Dex+3}
   (You found it on level 10 of the Dungeon)

   It affects your dexterity (+3).
   It protects you from cold.
 G - a +1 pair of gloves (worn)
 H - +0 ice dragon scales
 K - a +0 hat of see invisible
 N - a +3 plate armour of cold resistance
 Q - a scarf of spirit shield
 S - a +0 shield of reflection (worn)
 U - a +2 plate armour of poison resistance (worn)
Jewellery
 e - an uncursed ring of see invisible
 m - a ring of protection from cold (right hand)
 q - an uncursed ring of poison resistance
 w - a +2 amulet of reflection (around neck)
 x - an uncursed amulet of guardian spirit
 E - a +3 ring of strength (left hand)
 J - an uncursed ring of fire
Wands
 v - a wand of disintegration (17)
Scrolls
 c - a scroll of fog
 h - a scroll of identify
 i - 3 scrolls of enchant weapon
 j - 11 scrolls of teleportation
 r - a scroll of silence {unknown}
 s - 6 scrolls of magic mapping
 A - 8 scrolls of remove curse
 C - a scroll of amnesia {unknown}
 D - 4 scrolls of fear
 M - a scroll of enchant armour
 O - 5 scrolls of blinking
 P - a scroll of noise
Potions
 b - 2 potions of agility
 k - 6 potions of heal wounds
 l - 3 potions of haste
 n - a potion of ambrosia
 o - a potion of flight
 p - 8 potions of curing
 t - 4 potions of cancellation
 z - 5 potions of mutation
 L - a potion of invisibility {unknown}
 V - a potion of resistance
 W - 5 potions of berserk rage
 Z - 2 potions of might
Miscellaneous
 u - a phial of floods
 R - a phantom mirror
Comestibles
 f - 45 rations


   Skills:
 + Level 15.3 Fighting
 + Level 18.2 Long Blades
 + Level 15.4 Armour
 + Level 4.2 Dodging
 + Level 2.4 Stealth
 + Level 18.0 Shields
 + Level 1.0 Invocations
 + Level 0.3 Evocations


You had 15 spell levels left.
You didn't know any spells.
Your spell library contained the following spells:

 Spells                   Type           Power        Failure   Level  Hunger
 Animate Skeleton         Necr           N/A          97%         1    ##.....
 Apportation              Tloc           #.....       97%         1    ##.....
 Confusing Touch          Hex            #.....       97%         1    ##.....
 Corona                   Hex            #......      97%         1    ##.....
 Pain                     Necr           #...         97%         1    ##.....
 Sandblast                Erth           #.....       97%         1    ##.....
 Summon Small Mammal      Summ           #...         97%         1    ##.....
 Call Imp                 Summ           #.......     99%         2    ###....
 Ensorcelled Hibernation  Hex/Ice        #.....       99%         2    ###....
 Passwall                 Tmut/Erth      #.......     99%         2    ###....
 Slow                     Hex            #.......     99%         2    ###....
 Throw Frost              Conj/Ice       #.....       99%         2    ###....
 Call Canine Familiar     Summ           #.......     100%        3    ####...
 Ignite Poison            Fire/Tmut/Pois #.......     100%        3    ####...
 Inner Flame              Hex/Fire       #.......     100%        3    ####...
 Portal Projectile        Hex/Tloc       #.....       100%        3    ####...
 Regeneration             Chrm/Necr      #.........   100%        3    ####...
 Stone Arrow              Conj/Erth      #.....       100%        3    ####...
 Summon Guardian Golem    Hex/Summ       #.......     100%        3    ####...
 Vampiric Draining        Necr           #.........   100%        3    ####...
 Animate Dead             Necr           N/A          100%        4    #####..
 Cause Fear               Hex            #.........   100%        4    #####..
 Leda's Liquefaction      Hex/Erth       #.........   100%        4    #####..
 Petrify                  Tmut/Erth      #.......     100%        4    #####..
 Summon Ice Beast         Ice/Summ       #.......     100%        4    #####..
 Summon Lightning Spire   Summ/Air       #.......     100%        4    #####..
 Throw Icicle             Conj/Ice       #.......     100%        4    #####..
 Bolt of Magma            Conj/Fire/Erth #.........   100%        5    ######.
 Fireball                 Conj/Fire      #.........   100%        5    ######.
 Iskenderun's Battlesphe  Conj/Chrm      #.......     100%        5    ######.
 Lee's Rapid Deconstruct  Erth           #.........   100%        5    ######.
 Venom Bolt               Conj/Pois      #.........   100%        5    ######.
 Bolt of Cold             Conj/Ice       #.........   100%        6    #######
 Bolt of Fire             Conj/Fire      #.........   100%        6    #######
 Freezing Cloud           Conj/Ice/Air   #.........   100%        6    #######
 Iron Shot                Conj/Erth      #.........   100%        6    #######
 Orb of Destruction       Conj           #.........   100%        7    #######
 Ring of Flames           Chrm/Fire      #.........   100%        7    #######
 Spellforged Servitor     Conj/Summ      #.........   100%        7    #######
 Ignition                 Fire           #.........   100%        8    #######


Dungeon Overview and Level Annotations

Branches:
Dungeon (15/15)            Temple (1/1) D:6            Lair (6/6) D:10
 Shoals (0/4) Lair:3       Spider (0/4) Lair:3        Slime (0/5) Lair:5
    Orc (2/2) D:10            Elf (0/3) Orc:2        Vaults (0/5) D:14
 Depths: D:15

Altars:
Ashenzari
Cheibriados
Dithmenos
Elyvilon
Fedhas
Gozag
Hepliaklqana
Kikubaaqudgha
Makhleb
Nemelex Xobeh
Okawaru
Qazlal
Ru
Sif Muna
Trog
Uskayaw
Vehumet
Wu Jian
Xom
Yredelemnul
Zin
The Shining One
Beogh
Jiyva

Shops:
D:7 ?}}   D:12 %   Orc:1 *   Orc:2 [:*(


Innate Abilities, Weirdness & Mutations

You reflexively headbutt those who attack you in melee.
You have a pair of horns on your head.


Message History

You slash the purple ugly thing!
The purple ugly thing is lightly wounded.
You block the purple ugly thing's attack.
Unknown command.
You are near starving!
You slice the purple ugly thing!!
The purple ugly thing is severely wounded.
A fire dragon comes into view.
The purple ugly thing punches you!
* * * LOW HITPOINT WARNING * * *
Unknown command.
You slice the purple ugly thing!!
You kill the purple ugly thing!
Okawaru accepts your kill.
Unknown command.
You closely miss the fire dragon.
You headbutt the fire dragon, but do no damage.
The fire dragon breathes flames at you. The blast of flame hits you!
You die...

........#..............
........#.######.......
........#.# .......
.<......#.+ ..H..uu
#########.# O.u.u..
..........######.....#
...........†...!.....#
#............##D####.#
#............#.†@..#
#............#.....#
#............#.....#
#............#.....#
.............#.....#
.#########...#.....#
#.....# #.....#


You could see a fire dragon.

Vanquished Creatures
  Rupert (Lair:4)
  Frances (D:13)
  Kirke (Lair:4)
  Donald (Orc:2)
  An orc warlord (Orc:1)
  Louise (D:14)
  The ghost of Divine the Severer, a journeyman HOFi of Beogh (D:13)
  A fire dragon (D:10)
  Josephine (D:9)
  An ice dragon (D:13)
  Fannar (D:11)
  Harold (D:10)
  3 hydras
  The ghost of riffraff the Cleaver, a journeyman DsBe of Trog (D:11)
  2 catoblepae
  An ogre mage (D:14)
  2 centaur warriors (D:14)
  11 two-headed ogres
  A hell hog (Volcano)
  5 orc high priests
  3 tengu warriors
  Urug (D:12)
  Nergalle (D:11)
  A skeletal warrior (D:14)
  2 unseen horrors
  A glowing orange brain (D:11)
  3 orc sorcerers (Orc:2)
  7 orc knights
  4 oklob plants (Lair:2)
  16 ugly things
  A necromancer (IceCv)
  2 cyclopes
  A deep elf mage (D:12)
  3 salamanders (Volcano)
  2 manticores
  A merfolk siren (Lair:3)
  6 black mambas
  7 elephants
  Maurice (D:8)
  Psyche (D:8)
  An ice statue (IceCv)
  A gargoyle (D:13)
  6 centaur skeletons
  11 spiny frogs
  A torpor snail (Lair:2)
  A yaktaur (D:14)
  An ice devil (D:13)
  5 komodo dragons
  6 rime drakes
  11 freezing wraiths
  3 merfolk (Lair:3)
  4 polar bears
  7 trolls
  Prince Ribbit (D:5)
  A troll (shapeshifter) (D:11)
  6 hornets
  2 wolf spider simulacra
  7 dream sheep
  12 blink frogs
  8 hippogriffs
  13 spriggans (Lair:6)
  6 wyverns
  Eustachio (D:6)
  7 wraiths
  38 yaks
  2 basilisks (Lair:2)
  5 humans (D:5)
  A basilisk (shapeshifter) (D:11)
  2 fire bats (Volcano)
  6 hogs (Lair:4)
  3 hungry ghosts
  3 death yak simulacra (IceCv)
  2 neqoxecs (D:11)
  Edmund (D:5)
  2 vampire mosquitoes (D:12)
  A warg (Orc:2)
  A soldier ant (D:10)
  A hell hound (Volcano)
  An acid dragon (D:15)
  A water moccasin (shapeshifter) (D:11)
  15 water moccasins
  7 porcupines
  Duvessa (D:6)
  26 orc warriors
  7 phantoms
  10 ice beasts
  18 ogres
  4 sky beasts
  5 black bears (Lair:6)
  6 boggarts
  An eye of draining (D:12)
  60 wolves
  9 centaurs
  10 crocodiles
  3 big kobolds
  18 bullfrogs
  Dowan (D:6)
  5 scorpions
  An elephant simulacrum (IceCv)
  15 killer bees
  8 wights
  3 howler monkeys
  6 electric eels
  2 centaur zombies
  4 crimson imps
  A draconian simulacrum (IceCv)
  A quasit (D:8)
  3 jellies
  28 orc priests
  Crazy Yiuf (D:7)
  7 hounds
  3 bullfrog skeletons
  7 iguanas
  25 orc wizards
  2 spriggan simulacra (IceCv)
  9 worker ants
  3 troll simulacra (IceCv)
  4 bullfrog simulacra
  9 centaur simulacra
  2 hound zombies
  A hound skeleton (D:7)
  A killer bee simulacrum (D:8)
  A worker ant zombie (D:9)
  2 howler monkey skeletons (D:9)
  8 adders
  7 naga simulacra (IceCv)
  3 ogre simulacra (IceCv)
  2 shadow imps
  24 white imps
  A howler monkey simulacrum (D:8)
  A worker ant simulacrum (D:8)
  2 ufetubi (D:8)
  An ooze (D:3)
  2 worms
  2 adder zombies
  4 dart slugs
  An adder simulacrum (D:8)
  3 leopard geckos
  82 orcs
  4 giant cockroaches
  6 goblins
  6 hobgoblins
  6 quokkas
  2 ball pythons (D:2)
  8 bats
  4 frilled lizards
  A jackal skeleton (D:8)
  22 kobolds
  A leopard gecko skeleton (D:4)
  A quokka skeleton (D:5)
  A quokka zombie (D:7)
  6 rats
  A butterfly (Lair:2)
  A fungus (Lair:4)
  11 plants
873 creatures vanquished.

Vanquished Creatures (others)
  A centaur warrior (D:14)
  A two-headed ogre (Volcano)
  2 yaktaurs (D:14)
  A boggart (D:15)
  An orc wizard (D:10)
  An orc (D:9)
  A quokka (D:12)
  2 fungi
  4 plants (Lair:6)
14 creatures vanquished.

Grand Total: 887 creatures vanquished

Notes
Turn   | Place    | Note
-------+----------+-------------------------------------------
     0 | D:1      | Peloso the Minotaur Fighter began the quest for the Orb.
     0 | D:1      | Reached XP level 1. HP: 19/19 MP: 0/0
   319 | D:1      | Reached XP level 2. HP: 18/27 MP: 1/1
   888 | D:2      | Reached XP level 3. HP: 21/33 MP: 2/2
  1309 | D:3      | Reached skill level 1 in Dodging
  1352 | D:3      | Reached XP level 4. HP: 36/40 MP: 3/3
  1938 | D:3      | Found a blossoming altar of Fedhas.
  2148 | D:4      | Noticed an ogre
  2155 | D:4      | Killed an ogre
  2155 | D:4      | Reached XP level 5. HP: 46/46 MP: 4/4
  2305 | D:4      | Reached skill level 5 in Armour
  2310 | D:4      | Reached XP level 6. HP: 41/52 MP: 5/5
  3147 | D:5      | Entered Level 5 of the Dungeon
  3180 | D:5      | Reached skill level 5 in Long Blades
  3182 | D:5      | Noticed Edmund
  3184 | D:5      | Found a shattered altar of Ashenzari.
  3206 | D:5      | Killed Edmund
  3206 | D:5      | Reached skill level 5 in Shields
  3400 | D:5      | Reached XP level 7. HP: 34/60 MP: 6/6
  3422 | D:5      | HP: 3/60 [wight/morningstar of freezing (7)]
  3858 | D:5      | Found a snail-covered altar of Cheibriados.
  4263 | D:6      | Noticed Prince Ribbit
  4642 | D:6      | Noticed a human
  4645 | D:6      | Noticed a human
  4645 | D:6      | Noticed a human
  4656 | D:6      | Noticed a human
  4657 | D:6      | Noticed Duvessa
  4657 | D:6      | Noticed Dowan
  4664 | D:6      | Noticed a human
  4695 | D:5      | Killed a human
  4695 | D:5      | Reached skill level 5 in Fighting
  4695 | D:5      | Reached XP level 8. HP: 32/68 MP: 4/7
  4724 | D:5      | Killed Prince Ribbit
  5200 | D:6      | Killed Duvessa
  5208 | D:6      | Killed Dowan
  5220 | D:5      | Reached XP level 9. HP: 56/75 MP: 6/8
  5411 | D:6      | Noticed Eustachio
  5432 | D:6      | Killed Eustachio
  5747 | D:6      | Found a staircase to the Ecumenical Temple.
  5756 | Temple   | Entered the Ecumenical Temple
  5863 | Temple   | Became a worshipper of Warmaster Okawaru
  6612 | D:8      | Noticed a polar bear
  6613 | D:8      | Noticed Maurice
  6633 | D:8      | Reached * piety under Okawaru
  6644 | D:8      | Killed a polar bear
  6659 | D:8      | Reached skill level 10 in Long Blades
  7065 | D:8      | Reached ** piety under Okawaru
  7079 | D:8      | Noticed Psyche
  7099 | D:8      | Paralysed by Psyche for 4 turns
  7109 | D:8      | Killed Psyche
  7109 | D:8      | Reached XP level 10. HP: 33/84 MP: 4/9
  8031 | D:8      | Killed Maurice
  8031 | D:8      | Reached *** piety under Okawaru
  8128 | D:7      | Found Rocuu's Gadget Emporium.
  8151 | D:7      | Reached skill level 10 in Armour
  8265 | D:7      | Found Zextahil's Magic Scroll Emporium.
  8385 | D:7      | Found a runed door.
  8537 | D:7      | Found Hamuw's Gadget Shop.
  8688 | D:7      | Noticed Crazy Yiuf
  8697 | D:7      | Killed Crazy Yiuf
  8755 | D:9      | Found a glowing golden altar of the Shining One.
  8757 | D:9      | Found a sparkling altar of Nemelex Xobeh.
  8759 | D:9      | Found a stormy altar of Qazlal.
  8759 | D:9      | Found a radiant altar of Vehumet.
  8765 | D:9      | Noticed a two-headed ogre
  8802 | D:8      | Killed a two-headed ogre
  8802 | D:8      | Reached **** piety under Okawaru
  8802 | D:8      | Reached skill level 10 in Shields
  9149 | D:9      | Noticed a two-headed ogre
  9159 | D:9      | Killed a two-headed ogre
  9243 | D:9      | Found a glowing silver altar of Zin.
  9577 | D:9      | Reached ***** piety under Okawaru
  9695 | D:10     | Entered Level 10 of the Dungeon
  9709 | D:10     | Reached XP level 11. HP: 70/94 MP: 10/10
  9718 | D:10     | Noticed Josephine
  9918 | D:9      | Killed Josephine
 10232 | D:10     | Identified the Incunabulum of Cold
 10235 | D:10     | Found a staircase to the Orcish Mines.
 10612 | D:10     | Found a staircase to the Lair.
 10613 | D:10     | Noticed a fire dragon
 10627 | D:10     | Killed a fire dragon
 10638 | D:10     | Received a gift from Okawaru
 10803 | D:10     | Got a smoking cloak
 10815 | D:10     | Identified the +2 cloak of Inference {rC+ Dex+3} (You found
                  | it on level 10 of the Dungeon)
 11292 | D:10     | Noticed Harold
 11314 | D:10     | Killed Harold
 11544 | D:11     | Killed an unseen horror
 11855 | D:11     | Noticed an eight-headed hydra
 11929 | Lair:1   | Entered Level 1 of the Lair of Beasts
 11974 | Lair:1   | Reached skill level 1 in Stealth
 11997 | Lair:1   | Noticed a catoblepas
 12593 | D:10     | Reached XP level 12. HP: 92/105 MP: 11/11
 13474 | Lair:1   | Killed a catoblepas
 14206 | Lair:1   | Reached skill level 10 in Fighting
 14274 | Lair:1   | Received a gift from Okawaru
 14297 | Lair:1   | Got a dazzling double sword {god gift}
 14298 | Lair:1   | Identified the +6 double sword "Jibomah" {slice, *Contam
                  | +Blink rPois Dex+8} (Okawaru gifted it to you on level 1 of
                  | the Lair of Beasts)
 14941 | Lair:2   | Noticed a four-headed hydra
 14947 | Lair:2   | Killed a seven-headed hydra
 16000 | Lair:2   | Received a gift from Okawaru
 16889 | D:11     | Killed a 15-headed hydra
 16889 | D:11     | Reached XP level 13. HP: 60/115 MP: 5/12
 17011 | D:11     | Noticed Fannar
 17029 | D:11     | Killed Fannar
 17029 | D:11     | Reached skill level 15 in Long Blades
 17152 | D:11     | Noticed Nergalle
 17169 | D:11     | Killed Nergalle
 17214 | D:11     | Found a runed gate.
 17214 | D:11     | Found a runed gate.
 17214 | D:11     | Found a runed gate.
 17777 | D:7      | Bought a scroll of acquirement for 676 gold pieces
 17777 | D:7      | Bought a scroll of blinking for 97 gold pieces
 17777 | D:7      | Bought a scroll of magic mapping for 45 gold pieces
 17997 | D:12     | Noticed Urug
 18007 | D:12     | Killed Urug
 18011 | D:12     | Found a frozen archway.
 18011 | D:12     | Found Pone's Food Shop.
 18044 | IceCv    | Entered an ice cave
 18358 | IceCv    | Found an ancient bone altar of Kikubaaqudgha.
 18983 | D:12     | Received a gift from Okawaru
 19188 | D:12     | Reached ****** piety under Okawaru
 19558 | Lair:3   | Found a hole to the Spider Nest.
 19614 | Lair:3   | Found a dark tunnel.
 19619 | Volcano  | Entered a volcano
 19654 | Volcano  | Reached XP level 14. HP: 56/126 MP: 6/13
 20334 | Lair:3   | Found a staircase to the Shoals.
 20397 | Lair:3   | Reached skill level 15 in Shields
 21199 | Lair:4   | Noticed Rupert
 21218 | Lair:4   | Killed Rupert
 21218 | Lair:4   | Received a gift from Okawaru
 21264 | Lair:4   | Noticed Kirke
 21270 | Lair:4   | Killed Kirke
 22005 | Lair:5   | Received a gift from Okawaru
 22304 | Lair:5   | Found a staircase to the Slime Pits.
 22305 | Lair:5   | Found a viscous altar of Jiyva.
 22810 | Lair:6   | Entered Level 6 of the Lair of Beasts
 23913 | Lair:6   | Reached XP level 15. HP: 135/137 MP: 14/14
 24305 | D:13     | Found an opulent altar of Gozag.
 24437 | D:13     | Noticed Divine's ghost (journeyman HOFi)
 24445 | D:13     | Noticed Frances
 24458 | D:13     | Killed Frances
 24458 | D:13     | Reached skill level 1 in Invocations
 24524 | D:13     | Received a gift from Okawaru
 24700 | D:13     | Found a runed gate.
 24700 | D:13     | Found a runed gate.
 24700 | D:13     | Found a runed gate.
 25125 | D:11     | Found a runed gate.
 25125 | D:11     | Found a runed gate.
 25129 | D:11     | Found a runed gate.
 25138 | D:11     | Noticed riffraff's ghost (journeyman DsBe)
 25147 | D:11     | Found the +1 cloak of Starlight {rElec rC+ EV+4 Stlth--}
 25163 | D:11     | Killed riffraff's ghost
 25466 | D:13     | Got a jewelled trident
 25467 | D:13     | Identified the +3 trident of Tomorrow {holy, *Slow rF+++}
                  | (You found it on level 13 of the Dungeon)
 25571 | D:13     | Killed Divine's ghost
 25864 | D:14     | Received a gift from Okawaru
 25951 | D:14     | Noticed Louise
 25964 | D:14     | Killed Louise
 25964 | D:14     | Reached skill level 15 in Armour
 26359 | D:14     | Found a shimmering altar of Xom.
 26361 | D:14     | Found a shimmering altar of Xom.
 26362 | D:14     | Found a shimmering altar of Xom.
 26362 | D:14     | Found a shimmering altar of Xom.
 26652 | D:14     | Found a gate to the Vaults.
 26920 | Orc:1    | Entered Level 1 of the Orcish Mines
 26951 | Orc:1    | Found Koryonav's Assorted Antiques.
 26959 | Orc:1    | Bought a potion of curing for 93 gold pieces
 27162 | Orc:2    | Entered Level 2 of the Orcish Mines
 27170 | Orc:2    | Noticed Donald
 27184 | Orc:2    | Killed Donald
 27543 | Orc:1    | Received a gift from Okawaru
 27549 | Orc:1    | Got a fine long sword {god gift}
 27560 | Orc:2    | Reached skill level 15 in Fighting
 27978 | Orc:2    | Found a staircase to the Elven Halls.
 28132 | Orc:2    | Found Kouripn's Armour Shop.
 28132 | Orc:2    | Found Rabuttepp's Antique Weapon Shoppe.
 28134 | Orc:2    | Found Ocrabb's General Store.
 28134 | Orc:2    | Found Lajif's Book Shop.
 28170 | Orc:2    | Bought a scroll of noise for 14 gold pieces
 28170 | Orc:2    | Bought a scroll of fear for 49 gold pieces
 28170 | Orc:2    | Bought a scroll of teleportation for 42 gold pieces
 28452 | Orc:1    | Reached XP level 16. HP: 139/149 MP: 15/15
 28747 | Orc:1    | Found a roughly hewn altar of Beogh.
 29210 | D:15     | Entered Level 15 of the Dungeon
 29322 | D:15     | Killed from afar by a fire dragon

Skill      XL: |  1  2  3  4  5  6  7  8  9 10 11 12 13 14 15 16 |
---------------+-------------------------------------------------+-----
Shields        | 4 5 7 9 10 12 13 14 16 17 18 | 18.0
Armour         | 4 5 6 7 8 9 10 11 13 14 15 | 15.4
Fighting       | 4 5 6 8 9 10 12 13 15 | 15.3
Dodging        | 1 2 3 4 |  4.2
Long Blades    | 3 4 5 7 8 10 12 13 14 16 17 18 | 18.2
Stealth        | 1 2 |  2.4
Invocations    | 1 |  1.0
Evocations     | |  0.3

Action                   |  1- 3 |  4- 6 |  7- 9 | 10-12 | 13-15 | 16-18 || total
-------------------------+-------+-------+-------+-------+-------+-------++-------
Melee: Long sword        |   109 |   134 |   376 |   781 |       |       ||  1400
       Headbutt          |    13 |    30 |    60 |   232 |   416 |    41 ||   792
       Double sword      |       |       |       |   113 |  1199 |   118 ||  1430
Invok: Heroism           |       |       |       |    12 |     4 |       ||    16
Evoke: Wand              |       |       |     1 |       |     2 |       ||     3
  Use: Potion            |       |     1 |     4 |     2 |       |       ||     7
       Scroll            |       |       |    11 |    11 |    10 |       ||    32
 Stab: Distracted        |       |       |       |       |     1 |       ||     1
  Eat: Chunk             |     1 |     7 |    13 |    25 |    34 |     2 ||    82
       Ration            |       |       |       |     2 |     1 |       ||     3
Armor: Scale mail        |    74 |    14 |       |       |       |       ||    88
       Plate armour      |       |    53 |   252 |   500 |   474 |    42 ||  1321
Dodge: Dodged            |    47 |    27 |    86 |   244 |   323 |    26 ||   753
Block: Shield            |    77 |    46 |   251 |   661 |  1042 |   132 ||  2209
       Reflection        |       |       |       |       |    23 |     3 ||    26
       Rpst.: Long sword |    15 |     8 |    24 |    65 |       |       ||   112
       Double sword      |       |       |       |     7 |    78 |     6 ||    91
